AoeStats
← ravlyik

Black Forest

510980664Analyzed
2v2 RM · 5h ago on Oct 3, 2026· 62m 20s· 4 players
Game mode
Random Map
Map size
Medium (4 player)
Population
200
Speed
Normal
Resources
Standard
Victory
Conquest
Starting age
Dark Age
Ending age
Imperial Age
RankedLock teamsTeams togetherTeam positionsShared explorationLock speedFull tech treeHidden civsTurbo modeCheats
Victory
Defeat
🇨🇿 Italians · Czechia
484
+18
🇨🇦 Romans · Canada
448
+20
🇨🇦 Slavs · Canada
522
-37
🇺🇦 Saxons · Ukraine
522
-37
Stepo
14:50 Feudal Age
16:10 Wheelbarrow
15:24 Town Watch
15:24 Horse Collar
15:56 Double-Bit Axe
16:05 Gold Mining
16:29 Town Watch
20:11 Arson
19:47 Man-at-Arms
20:47 Bloodlines
26:32 Castle Age
26:19 Stone Mining
27:33 Hand Cart
27:34 Bow Saw
27:30 Heavy Plow
28:16 Stone Shaft Mining
28:39 Husbandry
28:03 Crossbowman
28:49 Squires
29:15 Town Patrol
28:58 Long Swordsman
30:24 Thumb Ring
38:15 Loom
42:06 Forging
41:47 Fletching
41:59 Scale Mail Armor
41:59 Padded Archer Armor
42:05 Scale Barding Armor
45:45 Iron Casting
45:06 Bodkin Arrow
45:28 Chain Mail Armor
45:29 Leather Archer Armor
45:35 Chain Barding Armor
48:14 Imperial Age
46:42 Caravan
50:35 Blast Furnace
49:35 Bracer
50:09 Plate Mail Armor
50:09 Ring Archer Armor
52:39 Plate Barding Armor
52:11 Two-Handed Swordsman
52:14 Arbalester
52:16 Cavalier
53:56 Elite Genoese Crossbowman
53:59 Champion
59:44 Silk Road
59:57 Conscription
Feudal Temptation
0:47 Loom
16:15 Feudal Age
22:05 Castle Age
20:55 Man-at-Arms
22:28 Double-Bit Axe
25:36 Wheelbarrow
28:21 Horse Collar
30:24 Long Swordsman
31:46 Bow Saw
31:27 Town Watch
33:17 Ballistas
33:36 Heavy Plow
33:51 Pikeman
34:55 Gold Mining
40:29 Imperial Age
38:27 Hand Cart
38:23 Caravan
38:39 Forging
38:20 Fletching
38:30 Padded Archer Armor
38:31 Scale Mail Armor
38:53 Ballistics
41:27 Gold Shaft Mining
43:17 Crop Rotation
43:28 Halberdier
43:31 Legionary
45:29 Iron Casting
45:10 Chain Mail Armor
45:00 Scale Barding Armor
45:11 Leather Archer Armor
44:51 Bodkin Arrow
45:25 Comitatenses
48:26 Chemistry
47:33 Siege Engineers
47:39 Fortified Wall
47:26 Murder Holes
47:42 Masonry
48:34 Blast Furnace
47:13 Elite Skirmisher
48:15 Heavy Scorpion
51:17 Bloodlines
50:31 Cavalier
51:08 Elite Centurion
52:40 Architecture
55:49 Chain Barding Armor
55:59 Ring Archer Armor
maneki_meko
11:49 Feudal Age
12:51 Horse Collar
13:08 Double-Bit Axe
19:21 Castle Age
21:50 Bow Saw
22:21 Wheelbarrow
22:01 Stone Mining
22:24 Gold Mining
23:44 Heavy Plow
26:37 Redemption
27:14 Sanctity
33:32 Imperial Age
31:42 Hand Cart
32:10 Gold Shaft Mining
33:39 Caravan
35:05 Conscription
34:08 Elite Boyar
37:28 Capped Ram
39:20 Man-at-Arms
39:29 Man-at-Arms
40:10 Squires
40:20 Scale Barding Armor
40:16 Scale Mail Armor
40:27 Forging
40:58 Loom
40:59 Town Watch
42:23 Crop Rotation
42:59 Two-Man Saw
42:43 Detinets
45:15 Chain Barding Armor
45:31 Iron Casting
45:12 Chain Mail Armor
44:52 Long Swordsman
47:04 Theocracy
47:02 Illumination
46:58 Block Printing
52:30 Druzhina
54:58 Light Cavalry
55:48 Bloodlines
55:39 Husbandry
55:48 Two-Handed Swordsman
57:32 Blast Furnace
57:03 Plate Mail Armor
56:00 Siege Ram
ravlyik
12:50 Feudal Age
13:25 Double-Bit Axe
13:44 Horse Collar
20:43 Castle Age
24:45 Bow Saw
26:32 Heavy Plow
28:28 Wheelbarrow
28:44 Forging
28:35 Scale Mail Armor
28:53 Squires
28:39 Gambesons
34:06 Imperial Age
32:17 Treadmill Crane
32:59 Ballistics
32:37 Murder Holes
32:57 Fortified Wall
34:26 Masonry
35:21 Arrowslits
35:28 Guard Tower
36:42 Chemistry
36:53 Hoardings
35:40 Shield Wall
35:52 Sappers
37:53 Conscription
38:10 Capped Ram
38:16 Heavy Scorpion
38:27 Elite Hearth Troop
38:36 Pikeman
39:26 Husbandry
38:49 Light Cavalry
40:11 Architecture
40:19 Keep
40:10 Thumb Ring
39:28 Cranequins
41:42 Crop Rotation
42:20 Two-Man Saw
41:20 Gold Mining
41:05 Man-at-Arms
41:41 Long Swordsman
43:04 Two-Handed Swordsman
43:22 Elite Varangian Guard
44:45 Gold Shaft Mining
44:02 Stone Mining
44:02 Siege Ram
45:53 Iron Casting
45:34 Chain Mail Armor
45:56 Elite Skirmisher
49:02 Arson
48:43 Halberdier
48:46 Champion
50:28 Hussar
52:11 Plate Mail Armor
51:32 Fletching
51:44 Padded Archer Armor
58:27 Leather Archer Armor
58:08 Bodkin Arrow
58:20 Scale Barding Armor
Connection lost

Rejoining the realm…

Still unreachable

The connection could not be restored.

Session expired

The server has moved on; the page needs a fresh start.